 Dungeon Crawl Stone Soup version 0.31-a0-841-g038b102fc3 (webtiles) character file.

Game seed: 4507486469529180766

1787 javelincjr the Trooper (level 8, -6/65 HPs)
             Began as a Demonspawn Fighter on Sept 27, 2023.
             Was an Initiate of Gozag.
             Mangled by a shadow (31 damage)
             ... on level 7 of the Dungeon.
             The game lasted 00:17:05 (5436 turns).

javelincjr the Trooper (Demonspawn Fighter)         Turns: 5436, Time: 00:17:06

Health: -6/65      AC: 12    Str: 19    XL:     8   Next: 82%
Magic:  8/8        EV: 15    Int: 10    God:    Gozag
Gold:   1032       SH:  5    Dex: 12    Spells: 7/7 levels left

rFire   . . .        f - +2 hand axe (venom)
rCold   . . .        c - +0 buckler
rNeg    + . .        v - +2 scale mail {rN+}
rPois   .            l - +2 hat
rElec   .            y - +0 cloak
rCorr   .            (no gloves)
SInv    .            (no boots)
Will    .....        q - amulet of the acrobat Stlth
                     u - +5 ring of evasion
HPRegen 0.30/turn    (no ring)
MPRegen 0.11/turn

%: acrobat
@: gold aura
A: demonic guardian 2, powered by pain 1, demonic touch 1
a: Renounce Religion, Potion Petition, Call Merchant, Bribe Branch


You were on level 7 of the Dungeon.
You worshipped Gozag.
Gozag was most pleased with you.
You visited 1 branch of the dungeon, and saw 8 of its levels.

You collected 1032 gold pieces.

Inventory:

Hand Weapons
 a - a +0 trident
 f - a +2 hand axe of venom (weapon)
 A - a +4 mace
Missiles
 h - 4 boomerangs (quivered)
 H - 3 javelins
Armour
 b - a +0 scale mail
 c - a +0 buckler (worn)
 l - a +2 hat (worn)
 s - the +3 leather armour of Fedhas's Hope {rElec Will+}
   (You found it on level 2 of the Dungeon)

   rElec:     It insulates you from electricity.
   Will+:     It increases your willpower.
 v - a +2 scale mail of positive energy (worn)
 y - a +0 cloak (worn)
 z - a +2 scale mail of cold resistance
Jewellery
 q - an amulet of the acrobat (around neck)
 u - a +5 ring of evasion (left hand)
Wands
 e - a wand of polymorph (6)
 G - a wand of flame (25)
 I - a wand of mindburst (8)
Scrolls
 i - a scroll of enchant weapon {unknown}
 j - a scroll of brand weapon {unknown}
 k - 4 scrolls of fear
 o - 2 scrolls of fog {unknown}
 r - a scroll of silence {unknown}
 t - 2 scrolls of immolation {unknown}
 w - 2 scrolls of poison {unknown}
 B - a scroll of blinking {unknown}
 C - 2 scrolls of torment {unknown}
 F - 3 scrolls of teleportation {unknown}
Potions
 d - 2 potions of might
 g - 3 potions of cancellation
 n - a potion of berserk rage
 p - 4 potions of curing
 x - 4 potions of brilliance
 D - a potion of attraction {unknown}
 E - a potion of invisibility {unknown}


   Skills:
 * Level 6.9 Fighting
 + Level 3.9(4.9) Axes
 + Level 4.4(5.2) Polearms
 + Level 4.8 Armour
 + Level 2.5 Dodging
 + Level 4.8 Shields


You had 7 spell levels left.
You didn't know any spells.
Your spell library contained the following spells:

 Spells                   Type           Power      Damage    Failure   Level
 Scorch                   Fire           0%         2d5       90%         2
 Flame Wave               Conj/Fire      0%         2d4       100%        4
 Summon Cactus Giant      Summ           0%         N/A       100%        6


Dungeon Overview and Level Annotations

Branches:
Dungeon (8/15)             Temple (0/1) D:4
   Lair: D:8-11

Altars:
Cheibriados
Gozag
Hepliaklqana
Qazlal
Xom
Yredelemnul

Shops:
D:5 :

Annotations:
D:7 2 transporters


Innate Abilities, Weirdness & Mutations

A demonic guardian rushes to your aid.
You sometimes gain a little power by taking damage.
Your touch may inflict minor irresistible damage on your foes.


Message History

The shadow slips into darkness.
The shadow flickers and vanishes!
Deactivating autopickup; reactivate with Ctrl-A.
The white imp closely misses you.
The shadow strikes at you from the darkness!
* * * LOW HITPOINT WARNING * * *
Reactivating autopickup.
You bump into the crystal wall.
The white imp closely misses you. The shadow hits you.
You closely miss the shadow.
The shadow is lightly damaged.
You closely miss the white imp. The white imp barely misses you.
The shadow hits you.
You bump into the crystal wall.
You feel less invigorated.
You feel less confused. The white imp completely misses you.
The shadow closely misses you.
You barely miss the shadow.
The shadow is lightly damaged.
You barely miss the white imp. The white imp gestures at you.
The puff of frost hits you! The shadow misses you.
You barely miss the shadow.
The shadow is lightly damaged.
You hit the white imp.
The white imp is poisoned.
The white imp misses you. The shadow barely misses you.
You slash the shadow!
The shadow is moderately damaged.
You hit the white imp. The white imp misses you. The shadow misses you.
The white imp closely misses you.
You hit the shadow.
The shadow is heavily damaged.
You barely miss the white imp.
You kill the white imp!
The shadow slips into darkness.
The shadow flickers and vanishes!
Deactivating autopickup; reactivate with Ctrl-A.
You closely miss something.
The shadow strikes at you from the darkness!
You die...
Your body crumbles into a pile of gold.

..# #.#.# ..# #.#.#
###### #.#.#########
#....# #....)......#
#....####........[..#
+....'...<..........###
#....#####............
.........+....##$..#
##########...###@#.#
#.#)###.{$#
#.#....###...# #.#..#.#
.#.# #.#....# #. .#
#.#.###.. #. .. #.#.#
.#.# #. .. #...# .. .
#. # #... ##. ##


There were no monsters in sight!

Vanquished Creatures
  Eustachio (D:5)
  2 ice beasts
  An orc warrior (D:7)
  A sky beast (D:7)
  An ogre (D:6)
  A kobold brigand (D:7)
  2 bullfrogs (D:7)
  A scorpion (D:4)
  A howler monkey (D:7)
  3 orc priests
  4 hounds
  3 jellies
  Crazy Yiuf (D:4)
  Jessica (D:3)
  Ijyb (D:4)
  2 iguanas (D:5)
  3 orc wizards
  2 sleepcaps (D:6)
  5 gnolls
  An adder (D:2)
  A shadow imp (D:7)
  3 white imps
  A worm (D:3)
  A dart slug (D:4)
  24 orcs
  6 endoplasms
  3 giant cockroaches
  7 hobgoblins
  3 kobolds
  6 quokkas
  10 ball pythons
  4 bats
  A frilled lizard (D:1)
  5 goblins
  3 rats
  A spectral goblin (D:1)
116 creatures vanquished.

Vanquished Creatures (collateral kills)
  An orc warrior (D:4)
  An orc priest (D:7)
  An adder (D:5)
  2 gnolls (D:5)
  An orc (D:7)
  An endoplasm (D:3)
  A quokka (D:2)
  A frilled lizard (D:3)
9 creatures vanquished.

Grand Total: 125 creatures vanquished

Notes
Turn   | Place    | Note
-------+----------+-------------------------------------------
     0 | D:1      | javelincjr the Demonspawn Fighter began the quest for the
                  | Orb.
     0 | D:1      | Reached XP level 1. HP: 18/18 MP: 1/1
   135 | D:1      | Found a faded altar of an unknown god.
   139 | D:1      | Prayed at the altar of an unknown god.
   139 | D:1      | Became a worshipper of Gozag Ym Sagoz the Greedy
   187 | D:1      | Gained mutation: A weak demonic guardian rushes to your
                  | aid. [demonic ancestry]
   187 | D:1      | Reached XP level 2. HP: 24/24 MP: 2/2
  1027 | D:2      | Identified the +3 leather armour of Fedhas's Hope {rElec
                  | Will+}
  1351 | D:2      | Gained mutation: A demonic guardian rushes to your aid.
                  | [demonic ancestry]
  1351 | D:2      | Reached XP level 3. HP: 29/29 MP: 3/3
  1582 | D:3      | Noticed Jessica
  1588 | D:3      | Killed Jessica
  1589 | D:3      | Reached skill level 1 in Axes
  1668 | D:3      | Gained mutation: You sometimes gain a little power by
                  | taking damage. [demonic ancestry]
  1668 | D:3      | Reached XP level 4. HP: 36/36 MP: 4/4
  1781 | D:3      | Found a basalt altar of Yredelemnul.
  1783 | D:3      | Found a snail-covered altar of Cheibriados.
  1783 | D:3      | Found a shimmering altar of Xom.
  1783 | D:3      | Found a hazy altar of Hepliaklqana.
  2183 | D:3      | Found a stormy altar of Qazlal.
  2332 | D:4      | Noticed a scorpion
  2338 | D:4      | Killed a scorpion
  2339 | D:4      | Reached skill level 4 in Fighting
  2339 | D:4      | Gained mutation: Your touch may inflict minor irresistible
                  | damage on your foes. [demonic ancestry]
  2339 | D:4      | Reached XP level 5. HP: 38/42 MP: 5/5
  2402 | D:4      | Noticed an orc warrior
  2417 | D:4      | Killed an orc warrior
  2418 | D:4      | Reached XP level 6. HP: 20/49 MP: 6/6
  2644 | D:4      | Found a runed translucent door.
  2645 | D:4      | Noticed Crazy Yiuf
  2653 | D:4      | Killed Crazy Yiuf
  2774 | D:4      | Noticed Ijyb
  2785 | D:4      | Killed Ijyb
  2934 | D:4      | Found a basalt altar of Yredelemnul.
  2944 | D:4      | Found a staircase to the Ecumenical Temple.
  3271 | D:5      | Entered Level 5 of the Dungeon
  3282 | D:5      | Noticed an ice beast
  3296 | D:5      | Killed an ice beast
  3297 | D:5      | Reached skill level 5 in Fighting
  3297 | D:5      | Reached XP level 7. HP: 56/56 MP: 7/7
  3527 | D:5      | You fall into a shaft and drop 3 floors!
  3684 | D:6      | Reached skill level 1 in Dodging
  4228 | D:5      | Found Xokk's Self-Improvement Boutique.
  4544 | D:5      | Reached XP level 8. HP: 64/64 MP: 8/8
  4549 | D:5      | Reached skill level 6 in Fighting
  4747 | D:5      | Noticed Eustachio
  4758 | D:5      | Killed Eustachio
  5198 | D:7      | Found a transporter.
  5307 | D:7      | Found a transporter.
  5436 | D:7      | Mangled by a shadow

Illustrated notes

Levels and vault maps discovered:
D:1:      spicycebolla_green_bress_n_ham_2, layout_loops_ring,
          dreamdust_ecumenical_altar_drowned_temple
D:2:      layout_loops_ring
D:3:      layout_loops_ring, doesnt_xom_only_xom,
          mainiacjoe_overflow_cross_hatched, nicolae_overflow_hidden_temple,
          uniq_jessica
D:4:      layout_cave_pods, mainiacjoe_overflow_concentric_impassable,
          minmay_temple_entry_offerings, uniq_ijyb, uniq_crazy_yiuf_cottage
D:5:      layout_gridville, kennysheep_doodads, nicolae_shop_self_help,
          uniq_eustachio
D:6:      layout_gridville
D:7:      minmay_chambers_of_sevens, layout_basic, gammafunk_ghost_hive,
          minmay_starry_boxes
D:8:      layout_layer_cave, kennysheep_mini, lemuel_doored_altar,
          serial_bayou_lagoon_a, dk_rats_in_the_wall, uniq_erica

Skill      XL: |  1  2  3  4  5  6  7  8 |
---------------+-------------------------+-----
Polearms       | 2 3 4 |  4.4
Armour         | 3 4 |  4.8
Shields        | 3 4 |  4.8
Axes           | 1 2 3 |  3.9
Fighting       | 4 5 6 |  6.9
Dodging        | 1 2 |  2.5

Action                     |  1- 3 |  4- 6 |  7- 9 || total
---------------------------+-------+-------+-------++-------
  Melee: Hand axe          |    65 |   101 |   190 ||   356
         Trident           |     5 |       |       ||     5
  Throw: Boomerang         |       |     6 |       ||     6
    Use: Scroll            |       |     5 |     1 ||     6
         Potion            |       |       |     1 ||     1
   Stab: Distracted        |       |       |     1 ||     1
 Armour: Scale mail        |    38 |    43 |    86 ||   167
         Leather armour    |     1 |       |       ||     1
  Dodge: Dodged            |    24 |    63 |   125 ||   212
  Block: Buckler           |    17 |    13 |    35 ||    65

Table legend: (Time is in decaauts)
 A = Elapsed time spent in this place.
 B = Non-inter-level travel time spent in this place.
 C = Inter-level travel time spent in this place.
 D = Time resting spent in this place.
 E = Time spent auto-exploring this place.
 F = Levels seen in this place.
 G = Mean time per level.
                   A        B        C        D        E       F      G
               +--------+--------+--------+--------+--------+-----+--------+
         Total |   5507 |   5209 |    298 |     93 |   4034 |   8 |  688.4 |
       Dungeon |   5507 |   5209 |    298 |     93 |   4034 |   8 |  688.4 |
               +--------+--------+--------+--------+--------+-----+--------+

Top non-repeatable levels by time:
     D:4: 1062 daAuts
     D:5: 931 daAuts
     D:2: 766 daAuts
     D:1: 764 daAuts
     D:3: 723 daAuts
     D:6: 645 daAuts
     D:7: 598 daAuts
     D:8: 15 daAuts
